Map: Winter Madness LE

Players

Serral - Winner!

  • Race: Zerg Zerg
  • League: Grandmaster
  • Spawn Location: 11:00

SZsOs (sOs)

  • Race: Protoss Protoss
  • Spawn Location: 5:00

VOD

Have the link to the VOD?

Description

Time

  • Played on: Jan. 30, 2026, 2:24 p.m.
  • Length: 13:11
Show
View Real Time Build Order
Export as new Build Order

Serral Zerg - Winner!

Build Orders: Hatch First 

Get SALT Encoding   

  12  0:00  Drone  
  13  0:08  Drone  
  14  0:14  Extractor, Drone  
  14  0:21  Overlord  
  15  0:42  Drone  
  16  0:45  Hatchery  
  16  0:49  Drone  
  16  0:52  Drone  
  16  0:56  Drone  
  18  1:06  Extractor  
  18  1:11  Spawning Pool  
  16  1:14  Drone  
  16  1:17  Drone  
  18  1:26  Drone  
  19  1:37  Drone  
  20  1:47  Drone  
  21  1:57  Queen x2  
  21  1:58  Zergling x2, Overlord  
  26  2:07  Drone  
  27  2:10  Metabolic Boost  
  27  2:13  Zergling x2  
  28  2:19  Drone  
  28  2:20  Drone  
  30  2:29  Drone  
  31  2:33  Queen  
  33  2:42  Hatchery  
  32  2:45  Overlord  
  32  2:49  Drone  
  32  2:50  Drone  
  34  2:54  Drone x2  
  36  3:02  Overlord  
  36  3:07  Drone x4  
  40  3:13  Drone x3  
  40  3:17  Overlord  
  42  3:23  Queen  
  46  3:35  Overlord  
  46  3:37  Zergling x6  
  46  3:40  Zergling x2  
  46  3:41  Zergling x4  
  50  3:47  Zergling x2  
  51  3:53  Queen  
  51  3:54  Drone x2  
  51  3:55  Zergling x6  
  58  4:02  Spore Crawler  
  55  4:05  Spore Crawler  
  55  4:06  Drone x3  
  55  4:09  Drone  
  58  4:15  Drone x5  
  63  4:18  Drone x2  
  65  4:26  Drone x2  
  65  4:27  Overlord  
  65  4:29  Drone  
  65  4:35  Lair  
  64  4:42  Overlord, Roach Warren  
  63  4:47  Drone x2  
  63  4:51  Overlord  
  65  4:55  Extractor  
  65  4:56  Extractor, Drone x2  
  65  5:00  Drone x6  
  65  5:02  Drone  
  72  5:09  Drone  
  72  5:11  Drone x4  
  77  5:15  Drone  
  77  5:20  Hatchery, Zergling x2  
  77  5:22  Spore Crawler  
  77  5:26  Zergling x4, Extractor  
  77  5:27  Drone x2  
  79  5:30  Queen  
  79  5:32  Overlord  
  81  5:36  Overlord  
  81  5:37  Spire  
  81  5:39  Drone  
  81  5:43  Drone  
  81  5:46  Extractor x2  
  81  5:47  Drone x2  
  82  5:50  Overlord  
  82  5:53  Zergling x14  
  89  5:58  Evolution Chamber  
  89  5:59  Roach  
  89  6:00  Roach  
  89  6:01  Evolution Chamber  
  89  6:03  Evolution Chamber  
  90  6:06  Queen  
  90  6:07  Evolution Chamber  
  90  6:08  Roach x2  
  90  6:12  Roach x4  
  90  6:21  Overlord, Roach x2  
  90  6:24  Overlord  
  90  6:25  Overlord  
  97  6:28  Overlord  
  97  6:30  Overlord  
  97  6:34  Drone x2  
  97  6:36  Glial Reconstitution  
  99  6:43  Drone x3  
  99  6:45  Overlord  
  102  6:47  Overlord  
  102  6:53  Roach x5  
  110  7:06  Extractor  
  109  7:10  Mutalisk x6  
  109  7:15  Drone x5  
  126  7:18  Drone x2  
  126  7:19  Drone  
  127  7:24  Overlord  
  127  7:25  Evolution Chamber, Drone x3  
  127  7:26  Overlord  
  129  7:30  Zergling x4  
  129  7:31  Zergling x2  
  129  7:32  Zergling x2  
  129  7:33  Queen  
  134  7:37  Overlord, Baneling Nest  
  134  7:38  Zergling x2  
  134  7:39  Zergling x4  
  134  7:41  Zergling x2  
  137  7:45  Zergling x8  
  137  7:46  Zergling x2  
  137  7:50  Zerg Melee Weapons Level 1  
  143  7:52  Ravager x7  
  143  7:53  Zergling x6  
  143  7:57  Ravager  
  154  7:59  Roach x3, Zergling x2  
  160  8:09  Baneling Nest, Drone x2  
  160  8:10  Drone x5  
  160  8:11  Infestation Pit  
  155  8:21  Extractor, Drone  
  155  8:22  Drone x2  
  155  8:23  Extractor  
  155  8:25  Zergling x14  
  163  8:31  Zergling x12  
  168  8:37  Hatchery  
  164  8:42  Drone x5  
  164  8:43  Evolution Chamber  
  164  8:46  Queen  
  172  8:52  Hive  
  172  8:53  Centrifugal Hooks  
  170  8:56  Drone  
  170  8:57  Overlord x2  
  170  8:58  Zergling x14  
  177  9:04  Zergling x6  
  177  9:07  Zergling x2  
  177  9:09  Zergling x2  
  178  9:10  Zergling x6  
  178  9:13  Spore Crawler  
  176  9:17  Zerg Ground Armor Level 1  
  176  9:18  Zergling x14  
  176  9:23  Zergling x6  
  184  9:26  Zergling x2  
  184  9:30  Zergling x8  
  178  9:37  Zergling x10  
  182  9:42  Drone  
  182  9:44  Spine Crawler  
  182  9:45  Baneling  
  182  9:46  Baneling x11  
  182  9:47  Zergling x12  
  188  9:54  Zergling x6  
  188  9:56  Zerg Melee Weapons Level 2  
  188  9:57  Zergling x6  
  188  9:58  Zergling x2  
  190  10:02  Zergling x2  
  190  10:03  Zergling x4  
  189  10:07  Adrenal Glands  
  189  10:08  Ultralisk Cavern  
  189  10:09  Spore Crawler  
  189  10:10  Drone x3  
  189  10:14  Zergling x14  
  197  10:17  Baneling x7  
  197  10:21  Zergling x4  
  193  10:33  Drone x2  
  193  10:34  Zergling x14  
  199  10:42  Drone x2, Overseer  
  200  10:43  Pneumatized Carapace  
  200  10:48  Baneling x7  
  196  10:52  Hatchery  
  196  10:54  Zergling x14  
  199  10:59  Chitinous Plating  
  199  11:00  Greater Spire  
  199  11:02  Zergling x10  
  195  11:11  Zergling x6  
  195  11:12  Zergling x4  
  195  11:14  Baneling x5  
  195  11:15  Zergling x18  
  194  11:20  Zergling x10  
  194  11:24  Zergling x2  
  200  11:30  Zergling x16  
  190  11:33  Zergling x2  
  190  11:34  Zergling x4  
  188  11:45  Ultralisk  
  188  11:46  Ultralisk  
  195  11:50  Ultralisk, Zergling x4  
  195  11:53  Baneling x6  
  197  12:01  Baneling x8  
  196  12:03  Baneling, Zergling x6  
  199  12:09  Overseer x2  
  199  12:17  Anabolic Synthesis  
  197  12:28  Ultralisk, Zergling x6  
  197  12:34  Zergling x20  
  196  12:41  Baneling x4  
  196  12:42  Zergling x16  
  184  12:49  Drone x3  
Show
View Real Time Build Order
Export as new Build Order

SZsOs Protoss 

Build Orders: 1 Gate Expand, Oracle Opening 

Get SALT Encoding   

  12  0:00  Probe  
  13  0:12  Probe  
  14  0:19  Pylon  
  14  0:24  Probe  
  15  0:28  Assimilator  
  15  0:36  Probe  
  16  0:44  Probe, Gateway  
  17  0:52  Probe  
  18  1:03  Probe  
  19  1:15  Probe  
  20  1:24  Nexus  
  20  1:35  Cybernetics Core  
  20  1:37  Probe  
  21  1:42  Assimilator  
  21  1:49  Probe  
  21  1:52  Pylon  
  22  2:00  Stalker  
  22  2:01  Probe  
  23  2:11  Stargate  
  25  2:15  Probe  
  25  2:20  Warp Gate  
  26  2:28  Probe  
  26  2:29  Adept  
  27  2:32  Probe  
  30  2:40  Probe x2  
  31  2:45  Oracle  
  31  2:50  Probe  
  32  2:52  Probe  
  37  3:03  Probe  
  37  3:04  Probe  
  39  3:08  Pylon  
  39  3:15  Probe  
  39  3:16  Probe  
  39  3:18  Void Ray  
  45  3:27  Probe  
  46  3:36  Probe  
  46  3:37  Sentry  
  46  3:39  Probe  
  50  3:43  Nexus  
  50  3:46  Pylon  
  50  3:54  Probe x2  
  52  3:57  Twilight Council  
  52  4:04  Gateway  
  52  4:05  Gateway  
  52  4:16  Resonating Glaives  
  52  4:18  Gateway, Adept  
  52  4:19  Probe x2  
  56  4:27  Pylon  
  56  4:35  Probe x2  
  58  4:43  Adept  
  58  4:45  Nexus  
  60  4:50  Pylon  
  60  4:53  Shield Battery  
  60  5:04  Adept x2  
  60  5:05  Adept  
  60  5:06  Probe x2  
  68  5:08  Assimilator  
  68  5:14  Adept  
  68  5:18  Probe x2  
  72  5:25  Adept x2  
  72  5:26  Adept  
  78  5:29  Forge  
  78  5:35  Pylon  
  78  5:49  Pylon  
  78  5:53  Probe x2  
  78  5:54  Adept x2  
  78  5:55  Adept  
  78  5:56  Adept  
  88  5:59  Blink  
  88  6:06  Probe x2  
  82  6:18  Probe x2  
  82  6:21  Stalker x2  
  82  6:22  Stalker x2  
  82  6:23  Protoss Ground Weapons Level 1  
  92  6:30  Probe x2  
  92  6:35  Gateway  
  92  6:37  Gateway  
  92  6:39  Gateway  
  92  6:41  Gateway  
  92  6:42  Probe  
  92  6:43  Probe  
  92  6:45  Probe  
  92  6:46  Assimilator  
  95  6:54  Probe  
  95  6:55  Probe  
  95  7:02  Stalker x4, Probe  
  95  7:04  Pylon  
  95  7:07  Probe x2  
  102  7:14  Probe  
  102  7:25  Photon Cannon  
  102  7:26  Shield Battery, Probe  
  103  7:33  Stalker x6  
  103  7:35  Assimilator  
  115  7:37  Shield Battery  
  115  7:43  Stalker  
  117  7:45  Nexus  
  117  7:47  Pylon  
  117  7:55  Photon Cannon x2  
  117  8:05  Phoenix, Probe, Protoss Ground Weapons Level 2  
  119  8:12  Stalker x3  
  124  8:15  Photon Cannon  
  124  8:16  Probe  
  123  8:24  Probe x2  
  125  8:30  Pylon  
  125  8:31  Shield Battery, Pylon  
  125  8:32  Pylon  
  125  8:33  Pylon  
  125  8:34  Pylon  
  125  8:36  Pylon  
  125  8:46  Nexus  
  125  8:48  Probe  
  126  8:55  Charge  
  126  8:58  Forge  
  126  8:59  Gateway  
  126  9:02  Gateway, Templar Archives  
  126  9:08  Stalker x6  
  138  9:13  Protoss Ground Armor Level 1  
  118  9:35  Probe x2  
  118  9:36  Probe  
  118  9:37  Photon Cannon  
  117  9:39  Zealot x7  
  117  9:40  Zealot  
  131  10:03  High Templar  
  131  10:04  High Templar x3  
  131  10:05  Zealot x6  
  137  10:31  Archon x2, Stalker x2  
  137  10:32  Stalker x4  
  133  10:37  Probe  
  133  10:39  Probe x3, Photon Cannon  
  133  10:54  Zealot x6  
  133  10:55  Zealot x4  
  133  11:19  Zealot x3  
  133  11:20  Zealot x6  
  121  11:45  High Templar x3  
  121  11:46  High Templar, Zealot x6  
  137  11:47  Psionic Storm  
  137  11:48  Probe, Assimilator  
  137  11:51  Assimilator  
  137  11:53  Shield Battery, Pylon  
  124  11:54  Archon  
  124  11:55  Archon  
  124  12:01  Assimilator  
  120  12:05  Fleet Beacon  
  120  12:12  Zealot x3  
  120  12:13  Zealot x3  
  132  12:20  Pylon  
  130  12:23  Zealot x4  
  136  12:35  Zealot x5  
  138  12:43  Probe x2  
  138  12:44  Probe x2  
Tags
 
Add a new tag
Caveats
  • Supply blocks, unpowered buildings, or Contaminate may cause inaccurate times.
  • Supply counts are checked every 10 seconds.